Cogmind - Beta 15 @@@ ROGUE MODE // 2025.06.13 @ 16:37:13 Player: P9H Result: Destroyed by G-50 Soldier with Heavy Laser Performance ------------- Evolutions (4) 2000 Regions Visited (5) 1000 Robots Destroyed (123) 615 Value Destroyed (4129) 4129 Prototype IDs (2) 40 Alien Tech Used (0) 0 Bonus (8) 8 TOTAL SCORE: 7792 Bonus ------- High Alert Combat Kills 8 Cogmind --------- Core Integrity 0/850 Matter 34/300 Energy 76/210 System Corruption 10% Temperature Critical (772) Movement Core (450) Ox8 Location -6/Factory Parts ------- > --- POWER (2) -------- Light Nuclear Core Micro Nuclear Core > --- PROPULSION (2) --- (None) > --- UTILITY (8) ------ Medium Storage Unit Visual Processing Unit Targeting Computer Target Analyzer Core Shielding > --- WEAPON (3) ------- Shock Rifle > --- INVENTORY (10) --- Improved Deuterium Engine Medium Treads Peak State ------------ > --- POWER ------------ Micro Nuclear Core Fission Core > --- PROPULSION ------- Armored Treads Armored Treads > --- UTILITY ---------- High-capacity Storage Unit Visual Processing Unit Targeting Computer Improved Targeting Computer Advanced Targeting Computer Hardened Light Armor Plating Improved Light Armor Plating Improved Light Armor Plating > --- WEAPON ----------- Lightning Gun Plasma Cannon Advanced Assault Cannon > --- INVENTORY -------- Light Nuclear Core Light Nuclear Core Improved Deuterium Engine Improved Deuterium Engine Micro Nuclear Core Micro Nuclear Core Armored Treads Medium Treads Medium Treads Improved Heat Sink Target Analyzer Kinecellerator Core Shielding Improved Light Armor Plating Tractor Beam Shock Rifle Lightning Gun Heavy Assault Cannon Improved Grenade Launcher [Rating: 50] Favorites ----------- Power Ion Engine Engine Ion Engine Power Core Micro Nuclear Core Propulsion Light Treads Treads Light Treads Leg Aluminum Leg Wheel Compact Wheel Utility Targeting Computer Device Improved Heat Sink Storage High-capacity Storage Unit Processor Targeting Computer Hackware Hacking Suite Protection Improved Light Armor Plating Weapon Improved Assault Rifle Energy Gun Medium Laser Energy Cannon Plasma Cannon Ballistic Gun Improved Assault Rifle Ballistic Cannon Advanced Assault Cannon Launcher Improved Grenade Launcher Impact Weapon Maul Build | -11 -10 -9 -8 -7 -6 ------- Run | Yrd Mat Mat Mat Fac Fac Slots Evolved 8 | . . 2 2 2 2 Power 1 | . . . 1 . . Propulsion . | . . . . . . Utility 6 | . . 2 1 2 1 Weapon 1 | . . . . . 1 Parts Attached 106 | 7 3 30 25 26 15 Power 22 | 1 . 2 8 8 3 Engine 14 | 1 . 2 5 6 . Core 8 | . . . 3 2 3 Reactor . | . . . . . . Propulsion 21 | 3 . 8 5 2 3 Treads 15 | 2 . 5 3 2 3 Leg 1 | 1 . . . . . Wheel 5 | . . 3 2 . . Hover . | . . . . . . Flight . | . . . . . . Utility 29 | 1 2 8 7 6 5 Device 7 | . 1 4 1 1 . Storage 4 | 1 1 1 . . 1 Processor 6 | . . 1 4 . 1 Hackware 1 | . . . . 1 . Protection 11 | . . 2 2 4 3 Artifact . | . . . . . . Weapon 34 | 2 1 12 5 10 4 Energy Gun 11 | 1 1 2 2 2 3 Energy Cannon 1 | . . . . 1 . Ballistic Gun 14 | 1 . 8 1 4 . Ballistic Cannon 4 | . . . 1 2 1 Launcher 3 | . . 1 1 1 . Special Weapon . | . . . . . . Impact Weapon 1 | . . 1 . . . Slashing Weapon . | . . . . . . Piercing Weapon . | . . . . . . Special Melee Weapon . | . . . . . . Unidentified Prototypes 2 | . . 1 . 1 . Parts Lost 65 | . . 13 19 15 18 Power 13 | . . 2 5 4 2 Propulsion 13 | . . 3 5 1 4 Utility 20 | . . 4 5 4 7 Weapon 19 | . . 4 4 6 5 Highest Loss Streak 14 | . . 3 8 6 14 To Critical Strikes 2 | . . . 1 . 1 Average Backups 15 | 4 10 16 18 17 12 Power 3 | . 2 3 4 4 3 Propulsion 3 | 2 2 3 3 3 1 Utility 4 | . 2 5 5 5 3 Weapon 3 | 1 2 4 4 3 3 Tool/Special . | . . . . . . Unused Backups 26 | 1 1 3 2 10 9 Power 8 | . . . . 3 5 Propulsion 8 | 1 . 1 1 4 1 Utility 6 | . . . 1 2 3 Weapon 3 | . 1 2 . . . Tool/Special 1 | . . . . 1 . Average Slot Usage (%) 96 | . 99 97 95 96 92 Engine 10 | . 14 10 12 10 . Core 3 | . . . 3 4 12 Treads 14 | . 28 17 9 7 11 Wheel 4 | . . 3 7 7 . Device 8 | . 13 20 6 . . Storage 9 | . 14 11 9 7 5 Processor 17 | . . 10 16 30 25 Hackware 1 | . . . . 4 . Protection 7 | . . . 12 7 19 Energy Gun 5 | . 14 7 . 2 2 Ballistic Gun 9 | . 14 12 14 4 . Ballistic Cannon 2 | . . . 2 3 10 Peak Build Rating 50 | 6 10 18 27 43 50 Average Rating 24 | 4 9 13 22 35 45 On Entrance 17 | . 6 10 18 26 43 Naked Turns . | . . . . . . Heaviest Build 84 | 13 30 58 65 75 84 Greatest Support 50 | 40 40 46 43 40 50 Greatest Overweight (x) 14 | 2 . 3 6 4 14 Average Overweight (x) 1 | . . . 1 1 1 Largest Inventory Capacity 20 | 8 15 20 20 20 20 Average Capacity 17 | 7 12 17 20 20 13 Most Carried 20 | 8 15 20 20 20 20 Average Carried 15 | 4 10 16 18 18 12 Final Capacity 20 | 8 15 20 20 20 10 Final Carried 20 | 4 15 19 20 20 2 Class Distribution -------------------- 62% | Mutant 24% | Scavenger-Mutant 11% | Scavenger-Gunner Dominant Class ---------------- Mutant | -10/Materials Mutant | -9/Materials Scavenger-Mutant | -8/Materials Mutant | -7/Factory Scavenger-Gunner | -6/Factory Resources | -11 -10 -9 -8 -7 -6 ----------- Run | Yrd Mat Mat Mat Fac Fac Matter Collected 2924 | 170 173 538 754 946 343 Remotely . | . . . . . . Salvage Created 3970 | . 97 963 1186 921 803 Parts 246 | . 7 74 79 41 45 Haulers Intercepted . | . . . . . . Recyclers Shooed 2 | . . . 1 1 . Parts Field Recycled . | . . . . . . Retrieved Matter . | . . . . . . Parts Self-Destructed . | . . . . . . Prevented . | . . . . . . Kills | -11 -10 -9 -8 -7 -6 ------- Run | Yrd Mat Mat Mat Fac Fac Combat Hostiles Destroyed 90 | . 3 25 24 25 13 Guns 48 | . 3 17 17 11 . Cannons 32 | . . . 7 12 13 AOE 8 | . . 6 . 2 . Classes Destroyed 15 | . 1 6 4 3 1 Worker 13 | . . 4 2 2 5 Builder 6 | . . 1 2 . 3 Tunneler 2 | . . 2 . . . Recycler 4 | . . . 1 1 2 Mechanic 1 | . . . . . 1 Watcher 7 | . . 3 2 1 1 Swarmer 15 | . . 6 3 3 3 Grunt 45 | . 3 14 11 11 6 Brawler 4 | . . . 3 . 1 Duelist 2 | . . . . 1 1 Sentry 14 | . . 5 4 5 . Specialist 2 | . . . 2 . . Hunter 2 | . . . . 1 1 Programmer 4 | . . . . 3 1 Heavy 2 | . . . 1 1 . Best Kill Streak 11 | . 2 11 4 5 9 Combat Bots Only 6 | . 2 6 3 4 5 Max Kills in Single Turn 3 | . 1 3 2 3 3 Gunslinging 1 | . . . . 1 . Exploded 2 | . . 2 . 1 . Melee . | . . . . . . Uniques/NPCs Destroyed . | . . . . . . Combat | -11 -10 -9 -8 -7 -6 -------- Run | Yrd Mat Mat Mat Fac Fac Hostile Shots Fired 702 | . 18 153 147 245 139 Missed 191 | . 4 39 48 79 21 Hits 511 | . 14 114 99 166 118 Melee 3 | . . . 3 . . Projectile 508 | . 14 114 96 166 118 AOE 3 | . . . 1 2 . Critical Strikes 19 | . . 2 7 3 7 Damage Taken 9320 | . 228 1616 1812 2466 3198 Core 1842 | . 22 316 252 394 858 Absorbed by Shields . | . . . . . . Redirected to Shielding 82 | . . . . 52 30 Core Remaining (%) 61 | 100 91 21 54 43 . Volleys Fired 317 | . 15 81 98 87 36 Largest 3 | . 2 2 2 2 3 Hottest 175 | . 70 73 73 120 175 Shots Fired 578 | . 30 149 179 143 77 Gun 407 | . 30 140 153 75 9 Cannon 150 | . . . 23 61 66 Launcher 21 | . . 9 3 7 2 Special . | . . . . . . Kinetic 440 | . 15 102 159 108 56 Thermal 63 | . 15 21 . 17 10 Explosive 21 | . . 9 3 7 2 Electromagnetic 54 | . . 17 17 11 9 Robot Hit Streak 22 | . 6 15 22 19 11 Robot Miss Streak 6 | . 2 5 6 3 3 Penetration Max 1 | . . . . 1 1 Secondary Targets 2 | . . 1 . 1 . Max Gunslinging Chain 1 | . . 1 . 1 . Shots Hit Robots 438 | . 21 110 142 120 45 Core Hits 262 | . 7 57 77 87 34 Critical Kills 1 | . . . 1 . . Critical Parts Destroyed 2 | . 1 1 . . . Critical Strikes 17 | . 1 3 1 7 5 Burn 3 | . . 2 . 1 . Destroy 2 | . 1 . 1 . . Blast 11 | . . . . 6 5 Smash 1 | . . 1 . . . Melee Attacks 6 | . . 6 . . . Impact 6 | . . 6 . . . Slashing . | . . . . . . Piercing . | . . . . . . Sneak Attacks . | . . . . . . Combat Hostiles . | . . . . . . Follow-up Attacks . | . . . . . . Damage Inflicted 10977 | . 253 2226 2423 3197 2878 Guns 4639 | . 253 1217 1746 1288 135 Cannons 3632 | . . . 447 1483 1702 Explosions 2449 | . . 752 230 426 1041 Melee 222 | . . 222 . . . Ramming 35 | . . 35 . . . Kinetic 6698 | . 110 771 1981 2341 1495 Thermal 1832 | . 143 294 65 422 908 Explosive 1530 | . . 710 165 315 340 Electromagnetic 660 | . . 194 212 119 135 Impact 222 | . . 222 . . . Slashing . | . . . . . . Piercing . | . . . . . . Highest Corruption 10 | . . 6 8 . 10 Average Corruption 3 | . . 5 5 . 1 Corruption Purged . | . . . . . . Corruption Blocked . | . . . . . . Effects 33 | . . 7 20 . 6 Message Errors 9 | . . 1 7 . 1 Matter Fused 7 | . . 2 4 . 1 Heat Flow Errors 3 | . . 1 1 . 1 Energy Discharges 1 | . . 1 . . . Data Loss (minor) 7 | . . 1 4 . 2 Data Loss (major) 1 | . . . 1 . . Misfires 2 | . . 1 . . 1 Alerts 1 | . . . 1 . . Weapon Failures 2 | . . . 2 . . Overload Shots . | . . . . . . Overflow Damage 539 | . . 100 14 60 365 Projectiles 175 | . . . . 20 155 Explosions 302 | . . 38 14 40 210 Melee 62 | . . 62 . . . Knockbacks 22 | . . . 6 7 9 Impact . | . . . . . . Kinetic 22 | . . . 6 7 9 Secondary . | . . . . . . Self-Inflicted Damage 509 | . . 115 . 208 186 Shots 11 | . . 4 . 5 2 Rammed . | . . . . . . Targets Rammed . | . . . . . . Kicked . | . . . . . . Crushed . | . . . . . . Highest Temperature 814 | . . 264 136 366 814 Average Temperature 141 | . . 40 24 92 264 Received Heat Transfer 2577 | . 84 567 576 594 756 Effects 32 | . . . . . 32 Shutdowns 14 | . . . . . 14 Energy Bleed 2 | . . . . . 2 Interference 3 | . . . . . 3 Matter Decay 1 | . . . . . 1 Damage (minor) 3 | . . . . . 3 Damage (major) 5 | . . . . . 5 Damage (core) 4 | . . . . . 4 Siege Activations . | . . . . . . Martial Activations . | . . . . . . Shielding Activations . | . . . . . . Robots Disrupted . | . . . . . . Combat Hostiles . | . . . . . . Robots Corrupted 2 | . . 2 . . . Combat Hostiles 2 | . . 2 . . . Parts Fried 2 | . . 2 . . . Impact Corruptions 4 | . . 4 . . . Robots Melted . | . . . . . . Combat Hostiles . | . . . . . . Parts Melted 3 | . . 3 . . . Heat Transferred 3019 | . 372 938 100 709 900 Parts Sabotaged . | . . . . . . Parts Stolen . | . . . . . . Parts Stripped . | . . . . . . Power Chain Reactions 2 | . . 1 1 . . Alert | -11 -10 -9 -8 -7 -6 ------- Run | Yrd Mat Mat Mat Fac Fac Maximum Alert Level 2 | . . 2 1 1 . Low Security (%) 90 | 100 100 82 92 84 100 Level 1 9 | . . 17 7 15 . Level 2 . | . . . . . . Level 3 . | . . . . . . Level 4 . | . . . . . . Level 5 . | . . . . . . High Security . | . . . . . . Max Security . | . . . . . . Peak Influence 400 | . 41 400 288 231 169 Initial 151 | . . 12 151 125 107 Average 82 | . 2 81 129 114 57 Influence Increases 2971 | . 71 742 805 810 543 Destroy 0b10 Robot/C 1800 | . 60 500 480 500 260 Destroy 0b10 Robot/NC 165 | . . 50 35 20 60 Destroy Leader 444 | . 10 116 124 142 52 Successful Hack 39 | . . 7 7 10 15 Disable Machine 180 | . . . . 60 120 Destroy Structure 163 | . 1 39 24 63 36 Partial Spotted 15 | . . 15 . . . Lose Combat Pursuer 165 | . . 15 135 15 . Influence Decreases 2898 | . 41 413 888 865 691 Entered New Map 491 | . . 18 208 151 114 Time Decay 1767 | . 41 265 490 574 397 Lost Part 640 | . . 130 190 140 180 Squads Dispatched 18 | . 1 2 3 6 6 Investigation 2 | . . . . 1 1 Extermination 4 | . . . . 3 1 Reinforcement 11 | . 1 2 3 1 4 Assault . | . . . . . . Garrison 1 | . . . . 1 . Intercept . | . . . . . . Searches Triggered . | . . . . . . Construction Impeded 3 | . . 1 1 . 1 Haulers Reinforced 1 | . . . . . 1 Active Scanning Responses . | . . . . . . Cargo Convoy Interrupts . | . . . . . . Stealth | -11 -10 -9 -8 -7 -6 --------- Run | Yrd Mat Mat Mat Fac Fac Distress Signals 9 | . 1 4 2 1 1 Communications Jammed . | . . . . . . Distress Signals . | . . . . . . Times Spotted 134 | . 11 37 34 30 22 Peak Tracking Total 7 | . 4 4 5 4 7 Tactical Retreats 11 | . . 1 9 1 . Traps | -11 -10 -9 -8 -7 -6 ------- Run | Yrd Mat Mat Mat Fac Fac Traps Triggered 5 | . . 2 . 2 1 Indirectly . | . . . . . . Trap Hack Attempts . | . . . . . . Triggered . | . . . . . . Disarmed . | . . . . . . Reprogrammed . | . . . . . . Reused . | . . . . . . Traps Extracted . | . . . . . . Installed . | . . . . . . Triggered . | . . . . . . Machines | -11 -10 -9 -8 -7 -6 ---------- Run | Yrd Mat Mat Mat Fac Fac Machines Disabled 12 | . . . . 4 8 Max in Single Turn 2 | . . . . 2 2 Garrison Access 2 | . . . . 1 1 Machines Repaired . | . . . . . . Machines Dismantled . | . . . . . . Machines Sabotaged . | . . . . . . Overloaded Fab Kills . | . . . . . . Hacking | -11 -10 -9 -8 -7 -6 --------- Run | Yrd Mat Mat Mat Fac Fac Machines Accessed 19 | . 4 4 3 5 3 Terminals 16 | . 4 3 3 4 2 Fabricators . | . . . . . . Repair Stations . | . . . . . . Recycling Units . | . . . . . . Scanalyzers 1 | . . 1 . . . Garrison Access 2 | . . . . 1 1 Total Hacks 34 | . 8 4 5 11 6 Successful 15 | . 4 2 5 2 2 Failed 19 | . 4 2 . 9 4 Catastrophic 6 | . 1 . . 4 1 Database Lockouts . | . . . . . . Manual 1 | . . 1 . . . Terminals 28 | . 8 3 5 8 4 Fabricators . | . . . . . . Repair Stations . | . . . . . . Recycling Units . | . . . . . . Scanalyzers 1 | . . 1 . . . Garrison Access 5 | . . . . 3 2 Terminal Hacks 13 | . 4 2 5 1 1 Record 5 | . 1 . 2 1 1 Branch Access Points 2 | . . 1 1 . . Alert Level 6 | . 3 1 2 . . Fabricator Hacks . | . . . . . . Repair Station Hacks . | . . . . . . Recycling Unit Hacks . | . . . . . . Scanalyzer . | . . . . . . Garrison Access Hacks 2 | . . . . 1 1 Seal Access 2 | . . . . 1 1 Unauthorized Hacks . | . . . . . . Terminals . | . . . . . . Fabricators . | . . . . . . Repair Stations . | . . . . . . Recycling Units . | . . . . . . Scanalyzers . | . . . . . . Garrison Access . | . . . . . . Data Cores Recovered . | . . . . . . Used . | . . . . . . Hacking Detections 12 | . 2 2 1 4 3 Full Trace Events 2 | . . . . 1 1 Feedback Events 2 | . . . . 1 1 Corruption 1 | . . . . . 1 Hackware Fried 1 | . . . . 1 . Feedback Blocked . | . . . . . . Robot Schematics Acquired . | . . . . . . Robots Built . | . . . . . . Authchips . | . . . . . . Time . | . . . . . . Total Robot Build Rating . | . . . . . . Part Schematics Acquired . | . . . . . . Parts Built . | . . . . . . Authchips . | . . . . . . Time . | . . . . . . Total Part Build Rating . | . . . . . . Parts Repaired . | . . . . . . Time . | . . . . . . Parts Recycled . | . . . . . . Recycled Matter . | . . . . . . Retrieved Matter . | . . . . . . Retrieved Components . | . . . . . . Parts Scanalyzed . | . . . . . . Part Schematics Acquired . | . . . . . . Parts Damaged . | . . . . . . Bothacking | -11 -10 -9 -8 -7 -6 ------------ Run | Yrd Mat Mat Mat Fac Fac Used RIF Installer . | . . . . . . Robots Hacked . | . . . . . . Non-combat . | . . . . . . Combat . | . . . . . . Robot Hacks Applied . | . . . . . . Relay Couplers Released . | . . . . . . Fabnet Peak Effective % . | . . . . . . Robots Rewired . | . . . . . . Allies Hacked . | . . . . . . Hacks Repelled . | . . . . . . Allies | -11 -10 -9 -8 -7 -6 -------- Run | Yrd Mat Mat Mat Fac Fac Total Allies . | . . . . . . Largest Group . | . . . . . . Highest-Rated Group . | . . . . . . Highest-Rated Ally . | . . . . . . Total Orders . | . . . . . . Ally Attacks . | . . . . . . Total Damage . | . . . . . . Kills . | . . . . . . Allies Corrupted . | . . . . . . Allies Melted . | . . . . . . Intel | -11 -10 -9 -8 -7 -6 ------- Run | Yrd Mat Mat Mat Fac Fac Active Infowar (turns) 6196 | . . 1760 1289 2112 1035 Optics 4436 | . . . 1289 2112 1035 Terrain 205 | . . 205 . . . Seismic 1622 | . . 1555 . 67 . Robot Analysis Total . | . . . . . . Derelict Logs Recovered . | . . . . . . Drone Launches . | . . . . . . Drone Recoveries . | . . . . . . Exploration | -11 -10 -9 -8 -7 -6 ------------- Run | Yrd Mat Mat Mat Fac Fac Turns Passed 7648 | 73 1193 1935 1290 2112 1045 Spaces Moved 3152 | 45 615 702 487 1003 300 Core 25 | 18 . . . . 7 Treads 1988 | 26 615 504 178 372 293 Legs 1 | 1 . . . . . Wheels 1138 | . . 198 309 631 . Hover . | . . . . . . Flight . | . . . . . . Fastest Speed 50 | 50 160 105 115 115 165 Average Speed 175 | 124 160 166 163 172 262 Slowest Speed 750 | 160 160 240 400 250 750 Overloaded Moves . | . . . . . . Propulsion Burnouts . | . . . . . . Robots Hopped . | . . . . . . Potential Cave-ins . | . . . . . . Cave-ins Triggered 1 | . . . . . 1 Exploration Rate (%) 36 | 3 73 70 43 21 10 Regions Visited 5 Branch Regions . Pre-discovered Areas . | . . . . . . Known Exits Taken . | . . . . . . Unknown Exits Taken 5 | 1 1 1 1 1 . Scrap Searched . | . . . . . . Spaces Dug . | . . . . . . Terrain Destroyed 173 | . . 52 23 61 37 Melee . | . . . . . . Projectile 16 | . . . . 8 8 AOE 157 | . . 52 23 53 29 Terrain Rammed 2 | . . 2 . . . Walls Destroyed 1 | . . 1 . . . Machines Disabled . | . . . . . . Actions | -11 -10 -9 -8 -7 -6 --------- Run | Yrd Mat Mat Mat Fac Fac Total 4699 | 61 795 1320 801 1246 476 Wait 926 | . 146 453 153 65 109 Move 3147 | 44 614 701 486 1002 300 Hop . | . . . . . . Pick Up 117 | 8 14 28 26 31 10 Fast Attach 22 | 4 . 3 3 9 3 Attach 69 | 3 1 17 18 18 12 Detach 1 | . . . . 1 . Swap 32 | . 2 12 7 9 2 Drop 60 | 2 3 17 10 24 4 Fire 317 | . 15 81 98 87 36 Melee 6 | . . 6 . . . Ram 2 | . . 2 . . . Kick . | . . . . . . Crush . | . . . . . . Escape Stasis . | . . . . . . Rewire . | . . . . . . Trap . | . . . . . . Miscellaneous . | . . . . . . Route ------- -11/Scrapyard -10/Materials (discovered 4 exits: *Mat x3 / [*Min]) -9/Materials (discovered 3 exits: *Mat / *Min x2) -8/Materials (discovered 3 exits: *Fac / *Sto x2) -7/Factory -6/Factory History --------- Turn | Location | Event 16 | -11/Scrapyard | Discovered new exit (range 16) 74 | -11/Scrapyard | Entered Materials 75 | -10/Materials | Met a group of wandering Federalists 182 | -10/Materials | Discovered new exit (range 12) 221 | -10/Materials | Lost 3 allies 313 | -10/Materials | Build established: Mutant 346 | -10/Materials | Discovered new exit (range 10) 824 | -10/Materials | Discovered new exit (range 13) 832 | -10/Materials | Discovered new exit (range 12) 1267 | -10/Materials | Entered another Materials area 1267 | -9/Materials | Evolved 2 slots: Utility x2 1858 | -9/Materials | Identified exit to Mines 2768 | -9/Materials | Lost 3 parts (1p1n1w) 3026 | -9/Materials | Core integrity fell below 50% 3183 | -9/Materials | Discovered new exit (range 13) 3202 | -9/Materials | Entered another Materials area 3202 | -8/Materials | Evolved 2 slots: Power x1, Utility x1 3383 | -8/Materials | Build established: Scavenger-Mutant 3491 | -8/Materials | Identified exit to Storage 4010 | -8/Materials | Lost 3 parts (1p1n1u) 4108 | -8/Materials | Lost 3 parts (1p1u1w) 4457 | -8/Materials | Lost 8 parts (2p2n1u3w) 4481 | -8/Materials | Discovered new exit (range 8) 4492 | -8/Materials | Entered Factory 4492 | -7/Factory | Evolved 2 slots: Utility x2 4615 | -7/Factory | Lost 3 parts (1p1u1w) 5072 | -7/Factory | Build established: Mutant 5504 | -7/Factory | Lost 6 parts (2p1n1u2w) 5754 | -7/Factory | Lost 3 parts (1p2w) 5832 | -7/Factory | Build established: Scavenger-Mutant 5976 | -7/Factory | Core integrity fell below 50% 6202 | -7/Factory | Build established: Mutant 6296 | -7/Factory | Hacking Suite fried by hacking feedback 6448 | -7/Factory | Discovered new exit (range 18) 6604 | -7/Factory | Entered another Factory area 6604 | -6/Factory | Evolved 2 slots: Utility x1, Weapon x1 6926 | -6/Factory | Build established: Scavenger-Gunner 7045 | -6/Factory | Lost 3 parts (2n1u) 7629 | -6/Factory | Crushed by falling debris 7629 | -6/Factory | System corruption reached 10% 7633 | -6/Factory | Core integrity fell below 50% 7647 | -6/Factory | Core integrity fell below 20% 7649 | -6/Factory | Destroyed by G-50 Soldier with Heavy Laser Last Messages --------------- 07641_ Overheating: Targeting Computer damaged (-5). 07641_ Fission Core destroyed. 07641_ U-05 Engineer builds a Wall. 07643_ Overheating: Core damaged (-119). 07643_ Imp. Medium Treads destroyed. 07643_ Imp. Grenade Launcher destroyed. 07643_ Penetrated by Slug. 07646_ Power failure, Lgt. Nuclear Core shutdown. 07646_ Overheating: Matter decay (-12). 07646_ U-05 Engineer builds a Wall. 07646_ Penetrated by Slug. 07646_ Imp. Light Armor Plating destroyed. 07647_ Overheating: Energy bleed (-19). 07648_ Power failure, Mic. Nuclear Core shutdown. 07649_ Overheating: Core damaged (-144). 07649_ System corrupted: Matter fused (-8). 07649_ Lightning Gun destroyed. Map ----- +----------------------------------------------------+ | ????????????????????????????????????????????# | | ????????????????????????????????????????????# | | ????????????????????????????????????????????# | | ????????????????????????????????????????????# | | ????????????????????????????????????????????# | | ????????????????????????????????????????????# | | ????????????????????????????????????????????# | | ???????????????????????????????############## | | ???????????????????????????????# # | | ???????????????????????????????# + | | ???????????????????????????????# # | | ???????????????????????????????# # | | ???????????????????????????????# # | | ???????????????????????????????# # | | ???????????????????????????????# # | | ??????????????"????????????????# # ] | | ??????????????""???????????????# # | | ??????????????"" ??????????????# # | | ?????????? "??" ?????????????# # | | ??????????? %?? !#????????????# # | | ?????????####+;### ######################+### | | ????????? % w % R % | | ???????? %! g ggg% % | | ???????? % = % | | ??????? = %* % | | ?????????? !% g %%=@%% =! | | ??????????????## ## ####+###% | | ???????????????# # # = " | | ??????????????????## %#% "" | | ???????????????????#" *# "G | | ??????????????????# " ! ! + "" | | ??????????????????##" %!# | | ???????????????????#" ! # | | ???????????????????## !! ####+############+## | | ????????????????????# !! ! *#?? ????????????? | | ????????????????????###########?? !???????????? | | ????????????????????????????????* ??????????? | | ???????????????????????????????? #?????????? | | ?????????????????????????????????? ? #?????????? | | ??????????????????????????????????""???#?????????? | | ?????????????????????????????????????????????????? | | ?????????????????????????????????????????????????? | | ?????????????????????????????????????????????????? | | ?????????????????????????????????????????????????? | | | | | | | | | | | | | +----------------------------------------------------+ Best States ------------- Heat Dissipation 45 Energy Generation 28 Energy Capacity 470 Matter Stores 300 Matter Capacity 300 Sight Range 18 Terrain Scan Range 14 Terrain Scan Density 10 Armor Coverage 450 Core Shielding 20 Propulsion Shielding 33 Evasion (%) 50 Targeting Accuracy 19 Recoil Reduction 2 Offensive Hacking 10 Item Schematics ----------------- None Robot Schematics ------------------ None Fabricated ------------ Nothing Repaired ---------- Nothing Alien Tech Used ----------------- None Achievements -------------- None Challenges ------------ None Game ------ Seed MetafiberGammaStorm Manual? 0 Play Time 00:54:20 Cumulative 38.3 hours Start 2025.06.13 @ 15:43:15 End 2025.06.13 @ 16:37:13 Sessions 1 Manual Loads 0 Difficulty Rogue Special Mode None Game No. 78 Rogue 78 Adventurer 0 Explorer 0 Win Type - Total 0 Types 0/0/0/0/0/0/0/0/0/0 Lore% 5 Gallery% 27 Achievement% 24 Wizard Run 0 Options --------- Layout 1 ASCII 0 Keyboard 0 Movement Mouse Keybinds 0 Fullscreen 2 Font 32/SmallcapsGlow Map View 50x35 Zoom Use 0% Tactical HUD 1 Map Filters NONE Filters NONE Steam 1 RUN: 3571ed18-cd3d-4d16-856c-f45d67c6d3a5